 Dungeon Crawl Stone Soup version 0.31.0-12-g77e489cdc1 (webtiles) character file.

Game seed: 14963493640774501155

2765 Gadfly the Insei (level 9, -2/63 HPs)
             Began as a Demonspawn Monk on Feb 13, 2024.
             Slain by an orc warrior
             ... wielding a +0 battleaxe
              (10 damage)
             ... in a bailey.
             The game lasted 00:15:31 (7239 turns).

Gadfly the Insei (Demonspawn Monk)                  Turns: 7239, Time: 00:15:32

Health: -2/63      AC:  4    Str: 14 (15) XL:     9   Next: 42%
Magic:  9/9        EV: 14    Int: 10      God:
Gold:   299        SH:  0    Dex: 16 (17) Spells: 5/8 levels left

rFire   + .          .
                       - Unarmed
rCold   . . .        (no shield)
rNeg    . . .        i - +2 robe {Will+}
rPois   .            (helmet restricted)
rElec   .            (no cloak)
rCorr   .            (gloves unavailable)
SInv    .            (no boots)
Will    +....        h - amulet of reflection
Stlth   +            o - ring of protection from fire
HPRegen 0.30/turn    (no ring)
MPRegen 0.11/turn

%: reflection
@: confused, ambrosia-drunk
A: antennae 1, claws 3, hooves 2
a: no special abilities


You were in a bailey.
You visited 1 branch of the dungeon, and saw 7 of its levels.
You also visited: Bailey.

You collected 299 gold pieces.

Inventory:

Hand Weapons
 a - a +1 heavy war axe
 b - a +0 dagger of venom
 g - a +2 heavy hand axe
 q - a +0 scimitar
Armour
 c - an orb of light
 i - a +2 robe of willpower (worn)
Jewellery
 d - an amulet of regeneration
 h - an amulet of reflection (around neck)
 o - a ring of protection from fire (left claw)
Wands
 f - a wand of flame (21) (quivered)
 l - a wand of light (6)
 p - a wand of charming (16)
Scrolls
 j - 2 scrolls of teleportation
 m - a scroll of vulnerability
Potions
 k - a potion of cancellation
 n - 2 potions of enlightenment


   Skills:
 - Level 3.0 Fighting
 + Level 5.3 Dodging
 * Level 6.9 Unarmed Combat
 * Level 6.8 Evocations
 * Level 5.5 Shapeshifting


You had 5 spell levels left.
You knew the following spells:

 Your Spells              Type           Power      Damage    Failure   Level
a - Passwall              Erth           0%         N/A       75%         3

Your spell library contained the following spells:

 Spells                   Type           Power      Damage    Failure   Level
 Sandblast                Erth           0%         2d4       36%         1
 Cigotuvi's Dreadful Rot  Necr/Alch/Air  0%         N/A       50%         2
 Static Discharge         Conj/Air       0%         3-3/arc   50%         2
 Stone Arrow              Conj/Erth      0%         3d7       75%         3
 Airstrike                Air            0%         2d(0-16)  98%         4
 Brom's Barrelling Bould  Conj/Erth      0%         2d3       98%         4
 Dispel Undead            Necr           0%         3d6       98%         4
 Martyr's Knell           Necr/Summ      0%         N/A       98%         4
 Summon Lightning Spire   Summ/Air       0%         N/A       98%         4
 Iskenderun's Battlesphe  Conj           0%         2d6       100%        5
 Bombard                  Conj/Erth      0%         9d1       100%        6
 Death Channel            Necr           0%         N/A       100%        6
 Spellforged Servitor     Conj/Summ      0%         N/A       100%        7


Dungeon Overview and Level Annotations

Branches:
Dungeon (7/15)             Bailey (1/1)
 Temple: D:4-7

Altars:
Ashenzari
Dithmenos
Gozag
Hepliaklqana
Kikubaaqudgha
Makhleb
Okawaru
Trog
Uskayaw
Vehumet
Yredelemnul

Shops:
D:1 :


Innate Abilities, Weirdness & Mutations

You have a pair of small antennae on your head.
You have claws for hands.
You have hoof-like feet.


Message History

You claw the hobgoblin.
You kill the hobgoblin!
You scratch the orc warrior.
The orc warrior is severely wounded.
The orc warrior hits you with a +0 hand axe!
* * * LOW HITPOINT WARNING * * *
You are confused.
You feel invigorated. The orc warrior closely misses you.
You claw the orc warrior! You kick the orc warrior.
The orc warrior is moderately wounded.
The orc warrior hits you with a +0 hand axe.
* * * LOW HITPOINT WARNING * * *
The orc warrior misses you.
The orc warrior attacks as it pursues you!
The orc warrior hits you with a +0 hand axe.
* * * LOW HITPOINT WARNING * * *
You scratch the orc warrior.
You kick the orc warrior, but do no damage.
The orc warrior is almost dead.
The orc warrior barely misses you.
The orc warrior hits you with a +0 hand axe!
* * * LOW HITPOINT WARNING * * *
Unknown command.
You barely miss the orc warrior.
You kick the orc warrior, but do no damage.
Your claw misses the orc warrior.
The orc warrior is moderately wounded.
The orc warrior completely misses you.
The orc warrior hits you with a +0 hand axe!
* * * LOW HITPOINT WARNING * * *
The hobgoblin hits you with a +0 hand axe.
* * * LOW HITPOINT WARNING * * *
Okay, then.
You are too confused!
You are too confused!
You barely miss the orc warrior. Your kick misses the orc warrior.
The orc warrior is almost dead.
The orc warrior hits you with a +0 battleaxe!
You die...

♣##'''##♣ ##.....##
#.......#
##.......##
#.........#
##...).....##
#....)).....#######
##.......g.##.....##
+......@og).......#
##......o##..)....##
#.......#.........#
##.....##)........#
#######.....⌠.....
##.........#
#.........#
##.......##
#.......#


You could see 2 orc warriors, a hobgoblin and a goblin.

Vanquished Creatures
  Maggie (D:6)
  Grinder (D:6)
  Sigmund (D:5)
  A water moccasin (D:5)
  A black bear (D:4)
  An ice beast (D:5)
  3 ogres
  3 phantoms
  Blork the orc (D:6)
  2 bullfrogs (D:6)
  2 scorpions
  4 wights (D:6)
  2 howler monkeys (D:5)
  4 bombardier beetles
  3 hounds
  A jelly (D:2)
  A gnoll bouda (D:7)
  A sleepcap (D:7)
  Jessica (D:3)
  3 iguanas
  Ijyb (D:5)
  4 orc wizards
  8 gnolls
  2 adders (D:6)
  A shadow imp (D:6)
  A white imp (D:7)
  2 ufetubi (D:6)
  A dart slug (D:1)
  A ribbon worm (D:5)
  29 orcs
  7 ball pythons
  4 endoplasms
  2 giant cockroaches
  6 goblins
  9 hobgoblins
  3 jackals (D:1)
  7 quokkas
  4 bats
  A frilled lizard (D:3)
  5 kobolds
  4 rats
139 creatures vanquished.

Notes
Turn   | Place    | Note
-------+----------+-------------------------------------------
     0 | D:1      | Gadfly the Demonspawn Monk began the quest for the Orb.
     0 | D:1      | Reached XP level 1. HP: 18/18 MP: 1/1
   120 | D:1      | Found Dageycuh's Book Emporium.
   268 | D:1      | Discovered your monstrous ancestry.
   268 | D:1      | Gained mutation: You have a pair of small antennae on your
                  | head. [demonic ancestry]
   268 | D:1      | Reached XP level 2. HP: 19/24 MP: 2/2
   411 | D:1      | Reached skill level 1 in Evocations
   695 | D:1      | Reached XP level 3. HP: 29/29 MP: 3/3
   867 | D:2      | Reached skill level 1 in Shapeshifting
   956 | D:2      | Gained mutation: You have sharp fingernails. [demonic
                  | ancestry]
   956 | D:2      | Reached XP level 4. HP: 11/35 MP: 4/4
  1406 | D:3      | Found a shadowy altar of Dithmenos.
  1590 | D:3      | Noticed Jessica
  1596 | D:3      | Killed Jessica
  1597 | D:3      | Gained mutation: You have very sharp fingernails. [demonic
                  | ancestry]
  1597 | D:3      | Reached XP level 5. HP: 25/41 MP: 5/5
  1698 | D:3      | Found a hazy altar of Hepliaklqana.
  2385 | D:4      | Noticed a phantom
  2397 | D:4      | Killed a phantom
  2398 | D:4      | Reached XP level 6. HP: 40/47 MP: 6/6
  3069 | D:4      | Gained mutation: You have large cloven feet. [demonic
                  | ancestry]
  3069 | D:4      | Reached XP level 7. HP: 49/52 MP: 7/7
  3545 | D:4      | Learned a level 3 spell: Passwall
  3570 | D:5      | Entered Level 5 of the Dungeon
  4050 | D:5      | Reached skill level 5 in Unarmed Combat
  4253 | D:5      | Gained mutation: You have claws for hands. [demonic
                  | ancestry]
  4253 | D:5      | Reached XP level 8. HP: 57/58 MP: 8/8
  4266 | D:5      | Found a burning altar of Makhleb.
  4267 | D:5      | Noticed Ijyb
  4297 | D:5      | Killed Ijyb
  4456 | D:5      | Reached skill level 5 in Evocations
  4627 | D:5      | Noticed Sigmund
  4636 | D:5      | Killed Sigmund
  5223 | D:6      | Noticed Grinder
  5247 | D:6      | Killed Grinder
  5401 | D:6      | Found a basalt altar of Yredelemnul.
  5403 | D:6      | Found a hide-covered altar of Uskayaw.
  5403 | D:6      | Found an opulent altar of Gozag.
  5403 | D:6      | Found a radiant altar of Vehumet.
  5404 | D:6      | Found an iron altar of Okawaru.
  5404 | D:6      | Found an ancient bone altar of Kikubaaqudgha.
  5404 | D:6      | Found a broken altar of Ashenzari.
  5433 | D:6      | Reached skill level 5 in Shapeshifting
  5433 | D:6      | Gained mutation: You have hoof-like feet. [demonic
                  | ancestry]
  5433 | D:6      | Reached XP level 9. HP: 16/61 MP: 9/9
  5473 | D:6      | Reached skill level 5 in Dodging
  5878 | D:6      | Noticed Maggie
  5898 | D:6      | Killed Maggie
  6124 | D:6      | Found a bloodstained altar of Trog.
  6321 | D:6      | Noticed Blork the orc
  6330 | D:6      | Killed Blork the orc
  7127 | D:7      | Found a flagged portal.
  7138 | Bailey   | Entered a bailey
  7238 | Bailey   | HP: 3/63 [hobgoblin/+0 hand axe (1)]
  7239 | Bailey   | Slain by an orc warrior

Illustrated notes

Levels and vault maps discovered:
D:1:      dpeg_arrival_castle, layout_loops_cross, serial_shops, shop_statue
D:2:      layout_rooms
D:3:      layout_loops_ring, mainiacjoe_overflow_surrounded_room,
          nicolae_dithmenos_shadow_blocks, uniq_jessica
D:4:      layout_loops_corners
D:5:      layout_loops_corners, mainiacjoe_overflow_brackets, uniq_ijyb,
          uniq_sigmund
D:6:      layout_loops_ring, grunt_temple_overflow_open, trog_hazing_becter,
          serial_aquarium, aquarium_bridge_long_joined
          [aquarium_subvault_bridge, aquarium_subvault_window,
          aquarium_subvault_balcony, aquarium_subvault_window,
          aquarium_subvault_window, aquarium_subvault_window],
          aquarium_bridge_square [aquarium_subvault_window,
          aquarium_subvault_balcony, aquarium_subvault_window,
          aquarium_subvault_bridge], aquarium_window_corner,
          aquarium_window_corridor_1, aquarium_window_fake,
          aquarium_window_corner, aquarium_view_2c, aquarium_pool_1,
          uniq_grinder, uniq_maggie, uniq_blork_the_orc
D:7:      layout_loops_corners, minmay_temple_entry_antechambers, enter_bailey_2
Bailey:   bailey_axe_minmay_hex_keep, bailey

Skill      XL: |  1  2  3  4  5  6  7  8  9 |
---------------+----------------------------+-----
Unarmed Combat | 3 4 5 6 |  6.9
Evocations     | 1 2 3 4 6 |  6.8
Shapeshifting  | 1 2 3 5 |  5.5
Dodging        | 3 4 5 |  5.3
Fighting       | |  3.0

Action                     |  1- 3 |  4- 6 |  7- 9 || total
---------------------------+-------+-------+-------++-------
  Melee: Unarmed           |    80 |   104 |   308 ||   492
         Kick              |       |       |   120 ||   120
         Punch             |       |       |    14 ||    14
    Use: Scroll            |     3 |     7 |     3 ||    13
         Potion            |       |     3 |     7 ||    10
   Stab: Sleeping          |       |       |     2 ||     2
 Armour: Robe              |    39 |    44 |   155 ||   238
  Dodge: Dodged            |    64 |    61 |   141 ||   266
  Block: Other             |       |       |    44 ||    44
         Reflection        |       |       |     3 ||     3
